 Dungeon Crawl Stone Soup version 0.30-a0-862-g1aabd4f9c5 (webtiles) character file.

Game seed: 17021529112895190980

182 Pimp the Insei (level 5, -1/35 HPs)
             Began as an Octopode Transmuter on Mar 9, 2023.
             Slain by a lemure (3 damage)
             ... led by Pikel
             ... on level 5 of the Dungeon.
             The game lasted 00:06:43 (3099 turns).

Pimp the Insei (Octopode Transmuter)                Turns: 3099, Time: 00:06:43

Health: -1/35      AC:  1    Str:  6 (9)  XL:     5   Next: 61%
Magic:  16/18      EV: 14    Int: 14 (16) God:
Gold:   253        SH:  0    Dex: 17 (20) Spells: 4/9 levels left

rFire   . . .      SeeInvis .      - Unarmed
rCold   . . .      Faith    .    (no shield)
rNeg    . . .      Spirit   .    (helmet currently unavailable)
rPois   .          Reflect  .    (no amulet)
rElec   .          Rampage  .    c - ring of magical power
rCorr   .                        m - ring of willpower
Will    +....                    r - +6 ring of dexterity
Stlth   +++                      (no ring)
HPRegen 0.25/turn                (no ring)
MPRegen 0.16/turn                (no ring)
                                 (no ring)
                                 (no ring)

@: brilliant, appendages (expiring), very slightly contaminated
A: tentacle spike 3, almost no armour, amphibious, 8 rings, camouflage 1,
gelatinous body 1, (nimble swimmer 1), tentacles
a: End Transformation


You were on level 5 of the Dungeon.
One of your tentacles had grown a beastly spike.
You visited 1 branch of the dungeon, and saw 5 of its levels.

You collected 253 gold pieces.

Inventory:

Jewellery
 c - a ring of magical power (left tentacle)
 m - a ring of willpower (right tentacle)
 r - a +6 ring of dexterity (on tentacle)
Scrolls
 b - a scroll of poison {unknown}
 d - 6 scrolls of teleportation
 f - 2 scrolls of immolation
 h - 2 scrolls of noise
 i - a scroll of enchant weapon
 o - a scroll of amnesia
 q - a scroll of fog
 s - a scroll of identify
Potions
 a - a potion of lignification
 k - a potion of heal wounds {unknown}
 l - a potion of attraction {unknown}
 n - a potion of degeneration
 p - a potion of magic {unknown}


   Skills:
 + Level 2.3 Fighting
 + Level 2.7 Dodging
 * Level 4.2 Unarmed Combat
 + Level 2.8 Spellcasting
 + Level 2.8 Transmutations


You had 4 spell levels left.
You knew the following spells:

 Your Spells              Type           Power      Damage    Failure   Level
a - Beastly Appendage     Tmut           30%        N/A       7%          1
b - Wereblood             Tmut           15%        N/A       11%         2
c - Blink                 Tloc           4%         N/A       32%         2

Your spell library contained the following spells:

 Spells                   Type           Power      Damage    Failure   Level
 Ensorcelled Hibernation  Hex/Ice        4%         N/A       32%         2
 Lesser Beckoning         Tloc           4%         N/A       32%         2
 Momentum Strike          Conj/Tloc      4%         3d8       32%         2
 Spider Form              Tmut/Pois      8%         N/A       36%         3
 Ozocubu's Armour         Ice            2%         N/A       54%         3
 Ice Form                 Ice/Tmut       8%         N/A       77%         4
 Anguish                  Hex/Necr       1%         N/A       91%         4
 Metabolic Englaciation   Hex/Ice        1%         N/A       99%         5
 Simulacrum               Ice/Necr       1%         N/A       100%        6
 Ozocubu's Refrigeration  Ice            1%         4d7       100%        7


Dungeon Overview and Level Annotations

Branches:
Dungeon (5/15)
 Temple: D:4-7

Altars:
Makhleb

Shops:
D:2 :

Annotations:
D:5 Eustachio, Pikel


Innate Abilities, Weirdness & Mutations

One of your tentacles has grown a beastly spike.
You cannot wear most types of armour.
You are amphibious.
You can wear up to eight rings at the same time.
Your skin changes colour to match your surroundings (Stealth+).
Your rubbery body absorbs attacks. (AC +1, EV +1)
((You are camouflaged when in or above water. (Stealth+)))
You have tentacles for arms and can constrict up to eight enemies at once.


Message History

You squeeze the scorpion.
The scorpion is moderately wounded.
You constrict the scorpion, but do no damage.
The crimson imp shouts, "Despond, thou pox-marked kobold-kissing surfacer!"
The scorpion stings you. The quasit barely misses you. x2
The quasit claws you.
You feel clumsy.
It was a potion of brilliance.
You feel clever all of a sudden.
You constrict the scorpion. The scorpion stings you.
Eustachio screams, "Hey, you killed my favourite bat!"
Eustachio mumbles some strange words.
Eustachio blinks!
The quasit barely misses you. x2
The quasit claws you but does no damage.
A lemure comes into view.
Casting: Beastly Appendage (safe; 7% risk of failure)
Confirm with . or Enter, or press ? or * to list all spells.
You feel a surge of power!
You miscast Blink.
You are very lightly contaminated with residual magic.
Nothing appears to happen.
The lemure shouts!
You constrict the scorpion, but do no damage.
You hear a shout!
The scorpion stings you. The quasit barely misses you. The quasit claws you.
* * * LOW HITPOINT WARNING * * *
The quasit claws you.
* * * LOW HITPOINT WARNING * * *
A lemure comes into view.
The lemure closely misses you. The scorpion misses you.
The quasit closely misses you. x2; The quasit claws you.
* * * LOW HITPOINT WARNING * * *
Casting: Blink (dangerous; 32% risk of failure)
Confirm with . or Enter, or press ? or * to list all spells.
You feel a surge of power!
You miscast Blink.
Nothing appears to happen.
You constrict the scorpion.
The water moccasin bites you but does no damage.
The crimson imp hits you.
* * * LOW HITPOINT WARNING * * *
The lemure hits you.
You die...

#...@. .......
+....# ......# .
#...$##......# ..
#.....#......#
...##.....#......(
..................
.........55S...#
.......<.s@5...#
#........5##...#
#####.!...# ..#
#......# .55
#.....## ...
#.....# ..
........ .
........


You could see Eustachio, a water moccasin, 3 lemures, a scorpion, a quasit
(summoned) and 2 crimson imps.

Vanquished Creatures
  2 hounds (D:4)
  An adder (D:2)
  2 ufetubi (D:4)
  2 worms (D:3)
  2 dart slugs (D:1)
  5 orcs
  8 ball pythons
  8 endoplasms
  4 giant cockroaches
  4 goblins
  4 hobgoblins
  10 jackals
  5 quokkas
  7 bats
  6 frilled lizards
  6 kobolds
  7 rats
83 creatures vanquished.

Vanquished Creatures (others)
  3 demonic plants (D:1)
  A withered plant (D:1)
4 creatures vanquished.

Grand Total: 87 creatures vanquished

Notes
Turn   | Place    | Note
-------+----------+-------------------------------------------
     0 | D:1      | Pimp the Octopode Transmuter began the quest for the Orb.
     0 | D:1      | Reached XP level 1. HP: 13/13 MP: 3/3
   120 | D:1      | Found a faded altar of an unknown god.
   157 | D:1      | Reached XP level 2. HP: 15/18 MP: 5/5
   490 | D:1      | Reached XP level 3. HP: 21/23 MP: 6/6
  1293 | D:2      | Found Biownic's Book Shoppe.
  1348 | D:2      | Reached XP level 4. HP: 26/29 MP: 7/7
  2448 | D:4      | Reached skill level 4 in Unarmed Combat
  2448 | D:4      | Reached XP level 5. HP: 23/34 MP: 8/8
  2564 | D:4      | Learned a level 2 spell: Wereblood
  2726 | D:4      | Found a burning altar of Makhleb.
  2726 | D:4      | Noticed a green death
  2838 | D:4      | Learned a level 2 spell: Blink
  3081 | D:5      | Entered Level 5 of the Dungeon
  3081 | D:5      | Noticed Eustachio
  3091 | D:5      | Noticed a water moccasin
  3091 | D:5      | Noticed a lemure
  3094 | D:5      | Noticed Pikel
  3097 | D:5      | Noticed a lemure
  3098 | D:5      | Noticed a lemure
  3099 | D:5      | Slain by a lemure

Illustrated notes

Levels and vault maps discovered:
D:1:      erik_arrival_orb_chamber, layout_basic, shapermc_ecumenical_altar_gd
D:2:      layout_basic, serial_shops, nicolae_shop_stone
D:3:      layout_basic
D:4:      layout_basic, makhleb_altar_promises_db, minmay_misc_feat_rows
D:5:      layout_basic, lemuel_round_altar, uniq_pikel, uniq_eustachio,
          uniq_crazy_yiuf_cottage

Skill      XL: |  1  2  3  4 |
---------------+-------------+-----
Fighting       | 2 |  2.3
Unarmed Combat | 4 |  4.2
Dodging        | |  2.7
Spellcasting   | |  2.8
Transmutations | |  2.8

Action                     |  1- 3 |  4- 6 || total
---------------------------+-------+-------++-------
  Melee: Unarmed           |    89 |    95 ||   184
         Constrict         |    25 |    30 ||    55
         Tentacles         |    20 |    25 ||    45
         Punch             |     4 |     4 ||     8
         Kick              |       |     5 ||     5
   Cast: Beastly Appendage |       |     2 ||     2
    Use: Scroll            |       |     7 ||     7
         Potion            |       |     5 ||     5
   Stab: Sleeping          |    10 |     6 ||    16
 Armour: Skin              |    10 |    10 ||    20
  Dodge: Dodged            |    65 |    86 ||   151

Table legend: (Time is in decaauts)
 A = Elapsed time spent in this place.
 B = Non-inter-level travel time spent in this place.
 C = Inter-level travel time spent in this place.
 D = Time resting spent in this place.
 E = Time spent auto-exploring this place.
 F = Levels seen in this place.
 G = Mean time per level.
                   A        B        C        D        E       F      G
               +--------+--------+--------+--------+--------+-----+--------+
         Total |   3084 |   2953 |    131 |    171 |   2126 |   5 |  616.8 |
       Dungeon |   3084 |   2953 |    131 |    171 |   2126 |   5 |  616.8 |
               +--------+--------+--------+--------+--------+-----+--------+

Top non-repeatable levels by time:
     D:1: 930 daAuts
     D:2: 767 daAuts
     D:4: 698 daAuts
     D:3: 670 daAuts
     D:5: 17 daAuts
